 Dungeon Crawl Stone Soup version 0.23.2-40-g277498a001 (webtiles) character file.

Game seed: 4007149615721010592

2021 Kikorro the Cutter (level 9, -3/74 HPs)
             Began as a White Draconian Fighter on Sept 2, 2019.
             Was a Follower of Okawaru.
             Slain by a killer bee (6 damage)
             ... on level 7 of the Dungeon.
             The game lasted 00:27:01 (7518 turns).

Kikorro the Cutter (White Draconian Fighter)        Turns: 7518, Time: 00:27:02

Health: -3/74      AC:  8    Str: 22    XL:     9   Next: 3%
Magic:  7/9        EV: 16    Int:  9    God:    Okawaru [*.....]
Gold:   370        SH: 12    Dex: 10    Spells: 8/8 levels left

rFire    . . .     SeeInvis .   a - +1 rapier
rCold    + + .     Gourm    .   b - +0 shield
rNeg     . . .     Faith    .   (armour unavailable)
rPois    .         Spirit   .   (helmet restricted)
rElec    .         Reflect  .   (no cloak)
rCorr    .         Harm     .   f - +0 pair of gloves
MR       .....                  (no boots)
Stlth    +++++.....             (no amulet)
HPRegen  0.22/turn              h - ring of stealth
MPRegen  0.11/turn              r - ring of protection from cold

@: lethally poisoned (-3 -> -4), heroism
A: breathe frost, unfitting armour, cold resistance 1, cold-blooded, AC +7
a: Breathe Frost, Heroism, Renounce Religion


You were on level 7 of the Dungeon.
You worshipped Okawaru.
Okawaru was aware of your devotion.
You were not hungry.

You visited 2 branches of the dungeon, and saw 8 of its levels.
You also visited: Ossuary.

You collected 370 gold pieces.

Inventory:

Hand Weapons
 a - a +1 rapier (weapon)
Armour
 b - a +0 shield (worn)
 f - a +0 pair of gloves (worn)
Jewellery
 h - a ring of stealth (left hand)
 r - a ring of protection from cold (right hand)
Wands
 m - a wand of flame (11)
Scrolls
 e - 2 scrolls of enchant weapon
 i - 5 scrolls of remove curse
 j - 5 scrolls of teleportation
 o - a scroll of identify
 t - a scroll of enchant armour {unknown}
 u - 3 scrolls of fog
 w - a scroll of immolation
 y - a scroll of fear
Potions
 c - 4 potions of might
 g - a potion of haste
 k - a potion of heal wounds
 l - 3 potions of magic
 n - a potion of curing
 p - a potion of berserk rage
 q - a potion of cancellation
 s - a potion of agility {unknown}
 v - a potion of brilliance
 x - a potion of degeneration {unknown}
 z - a potion of invisibility {unknown}
 A - a potion of ambrosia
Comestibles
 d - 10 rations
 B - 6 chunks of flesh


   Skills:
 + Level 5.5(10.5) Fighting
 + Level 7.5(12.5) Short Blades
 + Level 5.3(10.3) Dodging
 + Level 4.5(9.5) Stealth
 + Level 5.4(10.4) Shields


You had 8 spell levels left.
You didn't know any spells.
Your spell library was empty.

Dungeon Overview and Level Annotations

Branches:
Dungeon (7/15)             Temple (1/1) D:6

Altars:
Ashenzari
Cheibriados
Elyvilon
Hepliaklqana
Makhleb
Nemelex Xobeh
Okawaru
Qazlal
Trog
Vehumet
Wu Jian
Xom
Yredelemnul
The Shining One


Innate Abilities, Weirdness & Mutations

You can breathe waves of freezing cold.
You can buffet flying creatures when you breathe cold.
Your icy white scales are hard. (AC +7)
You cannot fit into any form of body armour.
Your flesh is cold resistant. (rC+)
You are cold-blooded and may be slowed by cold attacks.


Message History

The killer bee is almost dead.
You block the killer bee's attack.
You gain the combat prowess of a mighty hero.
You feel sick. You block the killer bee's attack. x2
You puncture the killer bee!
You kill the killer bee!
Okawaru accepts your kill.
You miss the killer bee. The killer bee closely misses you.
You closely miss the killer bee.
You feel sick. The killer bee completely misses you.
You miss the killer bee.
Your tail-slap misses the killer bee.
You block the killer bee's attack. x2
You hit the killer bee. You tail-slap the killer bee.
The killer bee is lightly wounded.
The killer bee stings you.
* * * LOW HITPOINT WARNING * * *
You puncture the killer bee!
The killer bee is severely wounded.
You feel sick. The killer bee stings you.
You die...

#.##.##.##...<.##
###...#
#.##..#.###...##
##.## #.......#
##+## #.# #####.###
.#### #.# #.# ##.
... #.# #.# #.. ..#
#.# #.# ##.# #.#
#.# #.# #..# #y#
#.#
#.#####.###@###.#
#...........?...#
########[##........
#.########## #.#
#.# #.# #.# #.#


You could see a killer bee.

Vanquished Creatures
  An ice beast (D:5)
  A phantom (D:5)
  A sky beast (D:3)
  4 ogres
  2 centaurs
  2 elf zombies (Ossuary)
  A bullfrog (D:6)
  A scorpion (D:4)
  4 killer bees (D:7)
  2 crimson imps (D:6)
  2 centaur zombies
  A jelly (D:4)
  A hound (D:4)
  An orc priest (D:3)
  2 human zombies (Ossuary)
  Terence (D:2)
  Natasha (twice) (D:4)
  2 orc wizards
  2 worker ants
  A hound skeleton (D:6)
  4 mummies (Ossuary)
  12 adders
  4 gnolls (D:3)
  2 adder zombies (Ossuary)
  2 oozes
  2 adder skeletons
  4 worms
  A dart slug (D:3)
  4 leopard geckos
  23 orcs
  A ball python (D:1)
  6 bats
  2 giant cockroaches
  10 goblins
  4 hobgoblins
  12 jackals
  10 kobolds
  4 quokkas
  5 frilled lizards
  A gnoll zombie (Ossuary)
  A hobgoblin zombie (Ossuary)
  A jackal zombie (D:5)
  A kobold zombie (Ossuary)
  An orc zombie (Ossuary)
  6 rats
  2 rat zombies (Ossuary)
159 creatures vanquished.

Vanquished Creatures (others)
  A hound skeleton (D:4)
  A quokka (D:4)
2 creatures vanquished.

Grand Total: 161 creatures vanquished

Notes
Turn   | Place    | Note
-------+----------+-------------------------------------------
     0 | D:1      | Kikorro the Draconian Fighter began the quest for the Orb.
     0 | D:1      | Reached XP level 1. HP: 19/19 MP: 1/1
    35 | D:1      | Reached XP level 2. HP: 12/26 MP: 2/2
   506 | D:1      | Reached XP level 3. HP: 31/31 MP: 3/3
  1259 | D:2      | Noticed Terence
  1269 | D:2      | Killed Terence
  1269 | D:2      | Reached XP level 4. HP: 40/40 MP: 4/4
  1309 | D:2      | Reached skill level 1 in Stealth
  1677 | D:3      | Reached skill level 3 in Short Blades
  1677 | D:3      | Reached XP level 5. HP: 46/46 MP: 5/5
  1747 | D:3      | Found a shattered altar of Ashenzari.
  1803 | D:3      | Noticed a sky beast
  1838 | D:3      | Killed a sky beast
  1838 | D:3      | Reached XP level 6. HP: 8/52 MP: 6/6
  2123 | D:3      | Reached skill level 4 in Short Blades
  2923 | D:3      | Found a sparkling altar of Nemelex Xobeh.
  3536 | D:4      | Your scales start taking on an icy white colour.
  3536 | D:4      | Reached XP level 7. HP: 59/59 MP: 7/7
  3536 | D:4      | Gained mutation: Your flesh is cold resistant. (rC+) [White
                  | Draconian growth]
  3562 | D:4      | Noticed Natasha
  3571 | D:4      | Killed Natasha
  3588 | D:4      | Found a radiant altar of Vehumet.
  3612 | D:4      | Found a sand-covered staircase.
  3627 | Ossuary  | Entered an ossuary
  3639 | Ossuary  | Reached skill level 5 in Short Blades
  3731 | Ossuary  | HP: 1/60 [elf zombie (5)]
  4403 | D:4      | Noticed Natasha
  4407 | D:4      | Found a white marble altar of Elyvilon.
  4416 | D:4      | Reached XP level 8. HP: 56/67 MP: 8/8
  4422 | D:4      | Killed Natasha
  4422 | D:4      | Reached skill level 6 in Short Blades
  4953 | D:5      | Entered Level 5 of the Dungeon
  5047 | D:5      | Reached skill level 5 in Fighting
  5514 | D:5      | Found a snail-covered altar of Cheibriados.
  5615 | D:5      | Reached skill level 5 in Shields
  6036 | D:6      | Found a staircase to the Ecumenical Temple.
  6043 | Temple   | Entered the Ecumenical Temple
  6142 | Temple   | Became a worshipper of Warmaster Okawaru
  6209 | D:6      | Reached skill level 7 in Short Blades
  6209 | D:6      | Reached skill level 5 in Dodging
  6335 | D:6      | Noticed a troll
  6810 | D:6      | Found a burning altar of Makhleb.
  7045 | D:6      | Found a hazy altar of Hepliaklqana.
  7477 | D:7      | Reached * piety under Okawaru
  7486 | D:7      | Reached XP level 9. HP: 64/74 MP: 9/9
  7518 | D:7      | HP: 3/74 [poisoned by a killer bee]
  7518 | D:7      | Slain by a killer bee

Skill      XL: |  1  2  3  4  5  6  7  8 |
---------------+-------------------------+-----
Dodging        | 3 4 5 |  5.3
Stealth        | 1 2 3 4 |  4.5
Short Blades   | 3 4 5 7 |  7.5
Fighting       | 4 5 |  5.5
Shields        | 4 5 |  5.4

Action                   |  1- 3 |  4- 6 |  7- 9 || total
-------------------------+-------+-------+-------++-------
Melee: Rapier            |    89 |   195 |   338 ||   622
       Tailslap          |     9 |    28 |    41 ||    78
Invok: Heroism           |       |       |     1 ||     1
 Abil: Breathe Frost     |       |       |     2 ||     2
  Use: Scroll            |     5 |     5 |     8 ||    18
       Potion            |       |       |     1 ||     1
 Stab: Sleeping          |     8 |    10 |    10 ||    28
       Distracted        |       |     1 |       ||     1
  Eat: Chunk             |     1 |     7 |     8 ||    16
       Ration            |       |       |     2 ||     2
Armor: Skin              |    41 |    44 |    90 ||   175
Dodge: Dodged            |    37 |    71 |   157 ||   265
Block: Shield            |    46 |    72 |   156 ||   274
